 Dungeon Crawl Stone Soup version 0.28.0-45-g0d030f2227 (webtiles) character file.

Game seed: 5532345221787290340

190 Ablot the Cutter (level 5, -2/47 HPs)
             Began as a Gnoll Chaos Knight on Apr 11, 2022.
             Was a Plaything of Xom.
             Slain by Robin
             ... wielding a +0 short sword
              (8 damage)
             ... on level 3 of the Dungeon.
             The game lasted 00:02:56 (2585 turns).

Ablot the Cutter (Gnoll Chaos Knight)               Turns: 2585, Time: 00:02:57

Health: -2/47      AC:  5    Str: 14    XL:     5   Next: 69%
Magic:  7/7        EV: 12    Int: 11    God:    Xom [......]
Gold:   30         SH:  0    Dex: 11    Spells: 7/7 levels left

rFire   . . .      SeeInvis .   a - +0 short sword (chaos)
rCold   . . .      Faith    .   (no shield)
rNeg    . . .      Spirit   .   b - +2 leather armour
rPois   .          Reflect  .   (no helmet)
rElec   .          Harm     .   (no cloak)
rCorr   .          Rampage  .   (no gloves)
Will    .....                   (no boots)
Stlth   +.........              (no amulet)
HPRegen 0.15/turn               (no ring)
MPRegen 0.10/turn               (no ring)

@: no status effects
A: fangs 1, strong nose, distributed training
a: Renounce Religion


You were on level 3 of the Dungeon.
You worshipped Xom.
You were a very special plaything of Xom.
You visited 1 branch of the dungeon, and saw 3 of its levels.

You collected 30 gold pieces.

Inventory:

Hand Weapons
 a - a +0 short sword of chaos (weapon)
Missiles
 c - 143 stones (quivered)
 d - 37 arrows
 l - a throwing net
 m - 13 sling bullets
Armour
 b - a +2 leather armour (worn)
Scrolls
 e - 2 scrolls of enchant armour {unknown}
 f - 3 scrolls of vulnerability {unknown}
 g - a scroll of fear {unknown}
 h - a scroll of acquirement {unknown}
 i - a scroll of enchant weapon {unknown}
 j - a scroll of teleportation {unknown}
 k - a scroll of noise {unknown}
 n - a scroll of holy word {unknown}
Potions
 o - a potion of lignification {unknown}


   Skills:
 + Level 6.7 Fighting
 + Level 6.7 Short Blades
 + Level 1.6 Long Blades
 + Level 1.6 Axes
 + Level 1.6 Maces & Flails
 + Level 1.6 Polearms
 + Level 1.6 Staves
 + Level 1.6 Slings
 + Level 1.6 Bows
 + Level 1.6 Crossbows
 + Level 1.6 Throwing
 + Level 4.8 Armour
 + Level 3.0 Dodging
 + Level 1.6 Stealth
 + Level 1.6 Shields
 + Level 1.6 Unarmed Combat
 + Level 1.6 Spellcasting
 + Level 1.2 Conjurations
 + Level 1.2 Hexes
 + Level 1.2 Summonings
 + Level 1.2 Necromancy
 + Level 1.2 Translocations
 + Level 1.2 Transmutations
 + Level 1.2 Fire Magic
 + Level 1.2 Ice Magic
 + Level 1.2 Air Magic
 + Level 1.2 Earth Magic
 + Level 1.2 Poison Magic
 + Level 1.8 Invocations
 + Level 1.6 Evocations


You had 7 spell levels left.
You didn't know any spells.
Your spell library contained the following spells:

 Spells                   Type           Power      Damage    Failure   Level
 Ensorcelled Hibernation  Hex/Ice        6%         N/A       32%         2
 Spider Form              Tmut/Pois      3%         N/A       54%         3
 Anguish                  Hex/Necr       1%         N/A       91%         4


Dungeon Overview and Level Annotations

Branches:
Dungeon (3/15)

Altars:

Annotations:
D:3 Robin


Innate Abilities, Weirdness & Mutations

You have very sharp teeth.
Your uncanny sense of smell can sniff out nearby items.
Your experience applies equally to all skills.


Message History

You hit Robin.
Robin is lightly wounded.
The giant cockroach closely misses you. Robin barely misses you.
You hit Robin.
Robin goes berserk!
Robin is moderately wounded.
Robin hits you but does no damage.
You closely miss Robin.
Robin is moderately wounded.
The giant cockroach barely misses you. Robin barely misses you.
You hit Robin. You burn Robin.
Robin is heavily wounded.
The giant cockroach bites you but does no damage.
Robin hits you with a +0 short sword.
You hit Robin but do no damage.
Robin flickers and vanishes!
Deactivating autopickup; reactivate with Ctrl-A.
Xom thinks this is hilarious!
Your bite misses something.
The giant cockroach bites you but does no damage.
Something barely misses you.
You hit something but do no damage.
Nothing appears to happen.
Something hits you.
The giant cockroach bites you but does no damage.
You hit something. Something hits you.
The giant cockroach bites you but does no damage.
You miss something. Something hits you!
The giant cockroach bites you but does no damage.
You hit something.
Nothing appears to happen.
Something hits you. The giant cockroach barely misses you.
Something hits you but does no damage.
You barely miss something. Something hits you!
* * * LOW HITPOINT WARNING * * *
The giant cockroach bites you but does no damage.
Things that are here:
a +0 whip; a kobold corpse You hear a shout!
Something completely misses you. Something hits you.
* * * LOW HITPOINT WARNING * * *
You hit something. You burn something. Your bite misses something.
Something hits you!
You die...

#.####.#.## #.#
#.........###...
#######..........#
..............####
######.###.#..# ##.#
#>#..### ### #..#
#>#....####....∆
#.## #...##......#
##.# ##..##..@.#####
#..###......##{B...#
#
#)##....#####......#
# #.......#
#......### .##
####..#..#..
.#...)))..#....
.#....#.#...
#....##.##......
...#.##. .##
###...))).......
...#... .#
#.###........(
.#.###.# ..
###.......


You could see a giant cockroach.

Vanquished Creatures
  A phantom (D:2)
  3 gnolls (D:2)
  2 adders (D:2)
  2 worms (D:2)
  2 dart slugs
  4 ball pythons
  7 bats
  5 endoplasms
  13 goblins
  7 hobgoblins
  A kobold (D:3)
  2 quokkas
  3 frilled lizards (D:1)
  6 rats
58 creatures vanquished.

Notes
Turn   | Place    | Note
-------+----------+-------------------------------------------
     0 | D:1      | Ablot the Gnoll Chaos Knight began the quest for the Orb.
     0 | D:1      | Reached XP level 1. HP: 23/23 MP: 1/1
   145 | D:1      | Reached XP level 2. HP: 29/29 MP: 2/2
   273 | D:1      | XOM is BORED!
   273 | D:1      | XOM: silly message
   441 | D:1      | XOM: silly message
   728 | D:1      | XOM: silly message
   803 | D:1      | Found a faded altar of an unknown god.
   986 | D:1      | Reached XP level 3. HP: 35/35 MP: 3/3
  1265 | D:2      | XOM: silly message
  1267 | D:2      | Reached skill level 1 in Invocations
  1296 | D:2      | XOM: silly message
  1371 | D:2      | Reached skill level 1 in Long Blades
  1371 | D:2      | Reached skill level 1 in Axes
  1371 | D:2      | Reached skill level 1 in Maces & Flails
  1371 | D:2      | Reached skill level 1 in Polearms
  1371 | D:2      | Reached skill level 1 in Staves
  1371 | D:2      | Reached skill level 1 in Slings
  1371 | D:2      | Reached skill level 1 in Bows
  1371 | D:2      | Reached skill level 1 in Crossbows
  1371 | D:2      | Reached skill level 1 in Throwing
  1371 | D:2      | Reached skill level 1 in Stealth
  1371 | D:2      | Reached skill level 1 in Shields
  1371 | D:2      | Reached skill level 1 in Unarmed Combat
  1371 | D:2      | Reached skill level 1 in Spellcasting
  1371 | D:2      | Reached skill level 1 in Evocations
  1374 | D:2      | HP: 1/35 [gnoll/+0 flail (7)]
  1685 | D:2      | XOM: butterfly on damage
  1696 | D:2      | Reached XP level 4. HP: 17/41 MP: 5/5
  1801 | D:2      | XOM: silly message
  2145 | D:2      | XOM: stat loss: -1 Dex (10/11)
  2194 | D:2      | Noticed a phantom
  2209 | D:2      | Killed a phantom
  2210 | D:2      | Reached skill level 1 in Conjurations
  2210 | D:2      | Reached skill level 1 in Hexes
  2210 | D:2      | Reached skill level 1 in Summonings
  2210 | D:2      | Reached skill level 1 in Necromancy
  2210 | D:2      | Reached skill level 1 in Translocations
  2210 | D:2      | Reached skill level 1 in Transmutations
  2210 | D:2      | Reached skill level 1 in Fire Magic
  2210 | D:2      | Reached skill level 1 in Ice Magic
  2210 | D:2      | Reached skill level 1 in Air Magic
  2210 | D:2      | Reached skill level 1 in Earth Magic
  2210 | D:2      | Reached skill level 1 in Poison Magic
  2210 | D:2      | Reached XP level 5. HP: 35/47 MP: 5/7
  2540 | D:3      | Noticed Robin
  2585 | D:3      | Slain by Robin

Illustrated notes

Levels and vault maps discovered:
D:1:      scummos_arrival_gate, layout_basic, shapermc_ecumenical_altar_ellora
D:2:      layout_loops_cross
D:3:      layout_rooms, serial_shops, shop_statue, uniq_robin

Skill      XL: |  1  2  3  4 |
---------------+-------------+-----
Invocations    | 1 |  1.8
Long Blades    | 1 |  1.6
Axes           | 1 |  1.6
Maces & Flails | 1 |  1.6
Polearms       | 1 |  1.6
Staves         | 1 |  1.6
Slings         | 1 |  1.6
Bows           | 1 |  1.6
Crossbows      | 1 |  1.6
Throwing       | 1 |  1.6
Stealth        | 1 |  1.6
Shields        | 1 |  1.6
Unarmed Combat | 1 |  1.6
Spellcasting   | 1 |  1.6
Evocations     | 1 |  1.6
Dodging        | 3 |  3.0
Conjurations   | 1 |  1.2
Hexes          | 1 |  1.2
Summonings     | 1 |  1.2
Necromancy     | 1 |  1.2
Translocations | 1 |  1.2
Transmutations | 1 |  1.2
Fire Magic     | 1 |  1.2
Ice Magic      | 1 |  1.2
Air Magic      | 1 |  1.2
Earth Magic    | 1 |  1.2
Poison Magic   | 1 |  1.2
Fighting       | |  6.7
Short Blades   | |  6.7
Armour         | |  4.8

Action                   |  1- 3 |  4- 6 || total
-------------------------+-------+-------++-------
Melee: Short sword       |    99 |    97 ||   196
       Punch             |     3 |     2 ||     5
       Bite              |     6 |    10 ||    16
 Stab: Sleeping          |     1 |       ||     1
       Confused          |       |     2 ||     2
Armor: Leather armour    |    26 |    46 ||    72
Dodge: Dodged            |    43 |    75 ||   118
